 Dungeon Crawl Stone Soup version 0.28.0-45-g0d030f2227 (webtiles) character file.

Game seed: 14368672902128906203

40 Peloso the Shield-Bearer (level 3, 33/33 HPs)
             Began as a Minotaur Fighter on Mar 31, 2022.
             Got out of the dungeon alive.
             The game lasted 00:01:43 (1334 turns).

Peloso the Shield-Bearer (Minotaur Fighter)         Turns: 1334, Time: 00:01:44

Health: 33/33      AC:  7    Str: 20    XL:     3   Next: 30%
Magic:  2/2        EV:  9    Int:  5    God:
Gold:   105        SH:  4    Dex: 11    Spells: 2/2 levels left

rFire   . . .      SeeInvis .   a - +0 long sword
rCold   . . .      Faith    .   c - +0 buckler
rNeg    . . .      Spirit   .   b - +0 scale mail
rPois   .          Reflect  .   (helmet restricted)
rElec   .          Harm     .   (no cloak)
rCorr   .          Rampage  .   (no gloves)
Will    .....                   (no boots)
Stlth   ..........              (no amulet)
HPRegen 0.11/turn               (no ring)
MPRegen 0.08/turn               (no ring)

@: no status effects
A: horns 2, retaliatory headbutt
a: no special abilities


You escaped.
You visited 1 branch of the dungeon, and saw 2 of its levels.

You collected 105 gold pieces.

Inventory:

Hand Weapons
 a - a +0 long sword (weapon)
Armour
 b - a +0 scale mail (worn)
 c - a +0 buckler (worn)
Jewellery
 i - a +6 ring of intelligence
Scrolls
 e - a scroll of amnesia {unknown}
 g - a scroll of vulnerability {unknown}
 h - 3 scrolls of identify {unknown}
 k - a scroll of acquirement {unknown}
 l - a scroll of noise {unknown}
 m - a scroll of holy word {unknown}
Potions
 d - 2 potions of might
 f - 2 potions of curing {unknown}
 j - a potion of heal wounds {unknown}
 n - a potion of lignification {unknown}


   Skills:
 + Level 4.0 Fighting
 + Level 2.8 Long Blades
 + Level 4.1 Armour
 + Level 0.2 Dodging
 + Level 4.3 Shields


You had 2 spell levels left.
You didn't know any spells.
Your spell library contained the following spells:

 Spells                   Type           Power      Damage    Failure   Level
 Corpse Rot               Necr/Air       0%         N/A       96%         2
 Poisonous Vapours        Pois/Air       0%         N/A       96%         2
 Inner Flame              Hex/Fire       0%         N/A       99%         3
 Cause Fear               Hex            0%         N/A       100%        4
 Discord                  Hex            0%         N/A       100%        8


Dungeon Overview and Level Annotations

Branches:
Dungeon (2/15)

Altars:

Shops:
D:2 [


Innate Abilities, Weirdness & Mutations

You have a pair of horns on your head.
You reflexively headbutt those who attack you in melee.


Message History

The ball python constricts you.
You hit the ball python.
You kill the ball python!
The giant cockroach bites you.
You slash the giant cockroach!
You kill the giant cockroach!
You completely miss the endoplasm. The endoplasm freezes you.
You are frozen.
You hit the endoplasm. You headbutt the endoplasm.
The endoplasm is severely wounded.
The endoplasm freezes you.
You are frozen.
The endoplasm freezes you.
You are frozen.
You hit the endoplasm.
You kill the endoplasm!
Things that are here:
a giant cockroach corpse; a ball python corpse
Found Qaeb's Armour Shop.
Found an escape hatch in the ceiling.
A dart slug comes into view.
A dart slug is nearby!
A kobold comes into view. It is wielding a +0 club.
The kobold shouts!
There is an escape hatch in the ceiling here.
There is an entrance to Qaeb's Armour Shop here.
There are monsters nearby!
There is an escape hatch in the ceiling here.
A mysterious force pulls you upwards. The hatch slams shut behind you.
(D) Dungeon
Where to? (Enter - D:12, ? - help)
What level of the Dungeon? (default 1, ? - help)
You open the door.
There is an open door here.
There is an open door here.
There is an open door here.
There is a staircase leading out of the dungeon here.
Are you sure you want to leave the Dungeon?
This will make you lose the game!
You have escaped!

....'......#####.##### #........
....########.........##########..
....# ##...#########...## #..
....# ##.####≈≈≈≈≈≈≈####.## ##>
....# #.## #≈≈...≈≈# ##.# #.
....###.# #.......# #.## ##'
..>.##.#########'#########.# #..
....##.#..#...........#..#.# #..
#.####.'..'.....@.....+..'.# #..
#.# #.#..#...........#..#.# ##'
#.# #.#########+#########.# #.
#.# ##.# #.......# #.## #. #.#
#.## #≈≈...≈≈# ##.# #. #.#
##.####≈≈≈≈≈≈≈####.## #. ..#
##...####'####...########.
#.##########...(.....####........
.......# #####.##### #.#######


There were no monsters in sight!

Vanquished Creatures
  5 bats
  4 endoplasms
  2 giant cockroaches
  A goblin (D:1)
  4 hobgoblins (D:1)
  5 kobolds
  3 quokkas
  5 ball pythons
  4 frilled lizards (D:1)
  3 rats (D:1)
36 creatures vanquished.

Notes
Turn   | Place    | Note
-------+----------+-------------------------------------------
     0 | D:1      | Peloso the Minotaur Fighter began the quest for the Orb.
     0 | D:1      | Reached XP level 1. HP: 19/19 MP: 0/0
    83 | D:1      | Reached XP level 2. HP: 27/27 MP: 1/1
   759 | D:2      | Reached XP level 3. HP: 29/33 MP: 2/2
  1276 | D:2      | Found Qaeb's Armour Shop.
  1334 | D:$      | Got out of the dungeon alive.

Illustrated notes

Levels and vault maps discovered:
D:1:      dpeg_arrival_yet_another_circle, layout_basic, minmay_vboxes
D:2:      layout_basic, serial_shops, nicolae_shop_statue_plus,
          shapermc_ecumenical_altar_acropolis, basic_altar

Skill      XL: |  1  2  3 |
---------------+----------+-----
Armour         | 4 |  4.1
Shields        | 4 |  4.3
Fighting       | 4 |  4.0
Long Blades    | |  2.8
Dodging        | |  0.2

Action                   || total
-------------------------++-------
Melee: Long sword        ||    64
       Headbutt          ||     6
Armor: Scale mail        ||    48
Dodge: Dodged            ||    49
Block: Buckler           ||    19
